 Dungeon Crawl Stone Soup version 0.31-a0-232-gb1c03b2570 (webtiles) character file.

Game seed: 17665937443060018351

16 qw the Shooter (level 2, -1/16 HPs)
             Began as a Gargoyle Hexslinger on July 7, 2023.
             Slain by an adder (4 damage)
             ... on level 1 of the Dungeon.
             The game lasted 00:00:14 (662 turns).

qw the Shooter (Gargoyle Hexslinger)                 Turns: 662, Time: 00:00:15

Health: -1/16      AC:  4    Str: 11    XL:     2   Next: 54%
Magic:  3/3        EV: 12    Int: 13    God:
Gold:   86         SH:  0    Dex: 12    Spells: 2/3 levels left

rFire   . . .        Y - +1 sling
rCold   . . .        (no shield)
rNeg    + . .        c - +0 robe
rPois   inf          (no helmet)
rElec   +            (no cloak)
rCorr   .            (no gloves)
SInv    .            (no boots)
Will    +....        d - amulet of regeneration
Stlth   +            (no ring)
HPRegen 1.02/turn    (no ring)
MPRegen 0.08/turn

%: clarity
@: enlightened, flying
A: sickness immunity, AC +2, negative energy resistance 1, electricity
resistance, torment resistance 1, petrification resistance, hooves 1, clarity
a: no special abilities


You were on level 1 of the Dungeon.
You visited 1 branch of the dungeon, and saw 2 of its levels.

You collected 86 gold pieces.


Innate Abilities, Weirdness & Mutations

You are immune to sickness and miasma.
Your stone body is resilient. (AC +2)
You are immune to poison.
You resist negative energy. (rN+)
You are resistant to electric shocks. (rElec)
You are resistant to unholy torment.
You are immune to petrification.
You have large cloven feet.
You possess an exceptional clarity of mind.


   Skills:
 + Level 1.3 Fighting
 - Level 3.0 Ranged Weapons
 - Level 1.5 Dodging
 - Level 1.0 Spellcasting
 - Level 2.6 Hexes


You had 2 spell levels left.
You knew the following spells:

 Your Spells              Type           Power      Damage    Failure   Level
a - Slow                  Hex            28%        N/A       10%         1

Your spell library contained the following spells:

 Spells                   Type           Power      Damage    Failure   Level
 Inner Flame              Hex/Fire       4%         N/A       43%         3
 Portal Projectile        Hex/Tloc       8%         N/A       43%         3
 Cause Fear               Hex            3%         N/A       67%         4

Inventory:

Hand Weapons
 Y - a +1 sling (weapon)
Armour
 c - a +0 robe (worn)
Jewellery
 d - an amulet of regeneration (around neck)
Potions
 e - a potion of heal wounds {unknown}
 f - a potion of mutation
 g - a potion of ambrosia {unknown}
 h - a potion of might {unknown}
 k - a potion of enlightenment

Dungeon Overview and Level Annotations

Branches:
Dungeon (2/15)

Altars:


Message History

654 ||| STAIRDANCE The adder bites you but does no damage.
The adder misses you. The kobold hits you but does no damage.
You fly upwards.
There is a stone staircase leading down here.
Enter note:
Enter note:
Enter note:
Enter note: You shoot a sling bullet.
The sling bullet closely misses the adder.
The adder closely misses you. x2; The adder bites you but does no damage. x2
The kobold hits you but does no damage.
You shoot a sling bullet.
The sling bullet closely misses the adder.
The adder closely misses you. The adder barely misses you.
The kobold hits you but does no damage. The adder barely misses you.
The adder bites you.
You shoot a sling bullet. The sling bullet hits the adder.
The adder is heavily wounded.
The kobold misses you. The adder misses you. The adder completely misses you.
You shoot a sling bullet.
The sling bullet hits the adder but does no damage.
The adder is heavily wounded.
The adder bites you. The adder barely misses you.
The kobold closely misses you. The adder bites you.
The adder completely misses you.
The kobold hits you with a +0 short sword.
You shoot a sling bullet.
The sling bullet hits the adder but does no damage.
The adder is heavily wounded.
The adder closely misses you. The adder bites you.
The kobold barely misses you. The adder bites you. x2
You shoot a sling bullet. The sling bullet hits the adder.
The adder is almost dead.
The adder bites you. The kobold hits you but does no damage.
The adder bites you but does no damage.
You shoot a sling bullet.
The sling bullet closely misses the adder.
The adder bites you.
You die...

########....##.# #.#..#..# #ยค#
.......####..#.###.#..#..#####.#
.......+.......................#
.......#####...###....#...####.#
.......# ##..# #....#...# #.#
.......# #..###....#...# #.#
##.....# #...#.....#...####.#
#.....# ##.KSS#............#
##.....#######.#@....##...###.##
...............###........###.###
####.#######.######..............
#.##~~~~7~7~~~~#......####.###
#.##~.P.....P.~#..##.....#.#
#.##~PPP...PPP~#..##..####.#
#..#7.P.....P.7#...........#
##..~....<....~...##..####.#
###7.P.....7.7#...........#


You could see 2 adders and a kobold.

Vanquished Creatures
  A dart slug (D:1)
  3 goblins (D:1)
  2 hobgoblins (D:1)
  A kobold (D:1)
  2 ball pythons (D:1)
  2 frilled lizards (D:1)
  2 rats (D:1)
13 creatures vanquished.

Notes
Turn   | Place    | Note
-------+----------+-------------------------------------------
     0 | D:1      | qw the Gargoyle Hexslinger began the quest for the Orb.
     0 | D:1      | Reached XP level 1. HP: 12/12 MP: 2/2
     0 | D:1      | 0 ||| qw: Version: 0.3-a-46-gb1f654a
     0 | D:1      | 0 ||| qw: Game counter: 2958
     0 | D:1      | 0 ||| qw: Melee chars always use a shield: true
     0 | D:1      | 0 ||| qw: God list: Okawaru
     0 | D:1      | 0 ||| qw: Allow faded altars: false
     0 | D:1      | 0 ||| qw: Do Orc after clearing Dungeon:15 true
     0 | D:1      | 0 ||| qw: Do second Lair branch before Depths: true
     0 | D:1      | 0 ||| qw: Lair rune preference: random
     0 | D:1      | 0 ||| qw: Goals: Normal
     0 | D:1      | 0 ||| PLANNING D:1-11
   135 | D:1      | Reached XP level 2. HP: 16/16 MP: 3/3
   312 | D:1      | Reached skill level 3 in Ranged Weapons
   619 | D:1      | 619 ||| UPGRADING to amulet of regeneration.
   624 | D:1      | 624 ||| READING scroll labelled HEMEGE HIN DATHI.
   625 | D:1      | 625 ||| READING scroll labelled ABUL ENYIM.
   628 | D:1      | 628 ||| DRINKING 2 bubbling purple potions.
   628 | D:1      | Gained mutation: You possess an exceptional clarity of
                  | mind. [potion of mutation]
   628 | D:1      | Gained mutation: You have large cloven feet. [potion of
                  | mutation]
   629 | D:1      | 629 ||| DRINKING 2 metallic yellow potions.
   630 | D:1      | 630 ||| DROPPING scroll of poison.
   654 | D:2      | 654 ||| STAIRDANCE
   660 | D:1      | HP: 4/16 [adder (1)]
   660 | D:1      | HP: 1/16 [adder (3)]
   662 | D:1      | Slain by an adder

Levels and vault maps discovered:
D:1:      ldierk_walled_garden, layout_basic
D:2:      layout_rooms, grunt_decor_mini_mirrors, minmay_pentomino_x4

Skill      XL: |  1  2 |
---------------+-------+-----
Ranged Weapons | 3 |  3.0
Fighting       | |  1.3
Dodging        | |  1.5
Spellcasting   | |  1.0
Hexes          | |  2.6

Action                     || total
---------------------------++-------
   Fire: Sling             ||    50
    Use: Scroll            ||     2
         Potion            ||     2
 Armour: Robe              ||    12
  Dodge: Dodged            ||    23

Table legend:
 A = Non-vault XP
 B = Vault XP
 C = Vault XP percentage of total XP
 D = Non-vault monster count
 E = Vault monster count
 F = Vault count percentage of total count
                 A         B        C        D         E       F
            +---------+---------+-------+---------+---------+-------
      Total |      23 |       0 |   0.0 |      13 |       0 |   0.0
            +---------+---------+-------+---------+---------+-------
        D:1 |      23 |       0 |   0.0 |      13 |       0 |   0.0
            +---------+---------+-------+---------+---------+-------
